 Dungeon Crawl Stone Soup version 0.28.0-1-gb440e238dd (webtiles) character file.

Game seed: 5243962276477741035

78 pkoi the Insei (level 4, 0/38 HPs)
             Began as a Draconian Monk on Feb 22, 2022.
             Slain by a gnoll (4 damage)
             ... on level 2 of the Dungeon.
             The game lasted 00:03:53 (2161 turns).

pkoi the Insei (Draconian Monk)                     Turns: 2161, Time: 00:03:54

Health: 0/38       AC:  7    Str: 13    XL:     4   Next: 15%
Magic:  4/4        EV: 12    Int: 12    God:
Gold:   32         SH:  0    Dex: 14    Spells: 3/3 levels left

rFire   . . .      SeeInvis .     - Unarmed
rCold   . . .      Faith    .   (no shield)
rNeg    . . .      Spirit   .   (armour unavailable)
rPois   .          Reflect  .   h - +0 hat
rElec   .          Harm     .   (no cloak)
rCorr   .          Rampage  .   i - +0 pair of gloves
Will    .....                   f - +0 pair of boots
Stlth   ++........              (no amulet)
HPRegen 0.12/turn               (no ring)
MPRegen 0.09/turn               (no ring)

@: about to teleport
A: AC +5, unfitting armour, cold-blooded
a: no special abilities


You were on level 2 of the Dungeon.
You visited 1 branch of the dungeon, and saw 3 of its levels.

You collected 84 gold pieces.
You spent 52 gold pieces at shops.

Inventory:

Missiles
 b - 6 boomerangs (quivered)
Armour
 f - a +0 pair of boots (worn)
 h - a +0 hat (worn)
 i - a +0 pair of gloves (worn)
Scrolls
 c - a scroll of summoning {unknown}
Potions
 a - a potion of heal wounds {unknown}
 e - a potion of mutation {unknown}
 g - 2 potions of curing


   Skills:
 - Level 3.2 Fighting
 + Level 2.7 Dodging
 - Level 1.7 Stealth
 * Level 5.0 Unarmed Combat


You had 3 spell levels left.
You didn't know any spells.
Your spell library was empty.

Dungeon Overview and Level Annotations

Branches:
Dungeon (3/15)

Altars:

Shops:
D:2 !

Annotations:
D:2 Grinder, Robin


Innate Abilities, Weirdness & Mutations

Your plain brown scales are hard. (AC +5)
You cannot fit into any form of body armour.
You are cold-blooded and may be slowed by cold attacks.


Message History

Robin misses you.
You barely miss Robin. You tail-slap Robin, but do no damage.
Your punch misses Robin. Robin hits you but does no damage.
You hit Robin.
Your tail-slap misses Robin.
Robin is lightly wounded.
You hit Robin.
Robin is lightly wounded.
Robin misses you.
You hit Robin but do no damage.
Robin is lightly wounded.
The gnoll hits you but does no damage. Robin hits you with a +0 club.
* * * LOW HITPOINT WARNING * * *
You hit Robin but do no damage.
Robin is lightly wounded.
A bat comes into view.
Robin barely misses you. The gnoll hits you with a +0 club.
* * * LOW HITPOINT WARNING * * *
The bat moves out of view.
You hit Robin but do no damage.
Robin is lightly wounded.
Robin hits you with a +0 club.
* * * LOW HITPOINT WARNING * * *
The gnoll hits you with a +0 club!
* * * LOW HITPOINT WARNING * * *
You closely miss Robin.
Robin is lightly wounded.
The gnoll closely misses you. Robin closely misses you.
Unknown command.
The gnoll hits you but does no damage. Robin misses you.
You climb upwards.
Level annotation: Grinder
There is a stone staircase leading down here.
Unknown command.
Unknown command.
You feel better. The gnoll hits you with a +0 club.
* * * LOW HITPOINT WARNING * * *
Robin closely misses you.
As you read the scroll of teleportation, it crumbles to dust.
You feel strangely unstable. The gnoll hits you with a +0 club.
You die...

#...........#######...^...#.##.#
#...(.......# #.......#.##.#
#.......##.#########'######.##.#
######.............#.# #.##)#
#...#.#######.#.# #.##.#
#######.##.#.......#.# #<##.#
................##.#'####
#.##.##
.#########.#<...gg......#
#.##...
................@#......#
#.#####
..########.#...รท)#......#
#.#.... ..#
#.#####)##.....###.##.## ..#
#...)))..'.....'...##.# ..#
#######).#.....######.# ..#
#..#.....# #.# ### #..####'##
#.## #..# #.# #.#. #..## #.#
##.#.


You could see Robin and a gnoll.

Vanquished Creatures
  A gnoll (D:2)
  2 adders (D:2)
  2 worms (D:2)
  3 bats
  2 endoplasms (D:2)
  13 goblins
  6 hobgoblins (D:2)
  2 quokkas
  2 ball pythons
  5 frilled lizards
  A kobold (D:1)
  4 rats
43 creatures vanquished.

Notes
Turn   | Place    | Note
-------+----------+-------------------------------------------
     0 | D:1      | pkoi the Draconian Monk began the quest for the Orb.
     0 | D:1      | Reached XP level 1. HP: 19/19 MP: 1/1
   584 | D:2      | Reached XP level 2. HP: 9/26 MP: 2/2
  1000 | D:2      | Reached skill level 4 in Unarmed Combat
  1168 | D:2      | Reached XP level 3. HP: 31/31 MP: 3/3
  1224 | D:2      | Found Waoloylo's Distillery.
  1251 | D:2      | Bought a potion of degeneration for 13 gold pieces
  1251 | D:2      | Bought a potion of curing for 39 gold pieces
  1687 | D:3      | Noticed Grinder
  1826 | D:3      | Noticed Robin
  1956 | D:2      | Reached skill level 5 in Unarmed Combat
  1956 | D:2      | Reached XP level 4. HP: 31/38 MP: 4/4
  2161 | D:2      | Slain by a gnoll

Illustrated notes

Levels and vault maps discovered:
D:1:      lightli_arrival_statue_moat, layout_rooms
D:2:      layout_basic, serial_shops, nicolae_shop_hallway_stairs
D:3:      layout_rooms, hellmonk_ecumenical_altar_lost_god, uniq_robin,
          uniq_grinder

Skill      XL: |  1  2  3 |
---------------+----------+-----
Unarmed Combat | 4 5 |  5.0
Fighting       | |  3.2
Dodging        | |  2.7
Stealth        | |  1.7

Action                   |  1- 3 |  4- 6 || total
-------------------------+-------+-------++-------
Melee: Unarmed           |   136 |    24 ||   160
       Punch             |     3 |       ||     3
       Tailslap          |     9 |     2 ||    11
  Use: Scroll            |     3 |     1 ||     4
       Potion            |       |     1 ||     1
 Stab: Sleeping          |     4 |       ||     4
Armor: Skin              |    50 |    18 ||    68
Dodge: Dodged            |    73 |    17 ||    90
